 Dungeon Crawl Stone Soup version 0.31.0-11-ge490571c62 (webtiles) character file.

Game seed: 3040448033692971858

79 hawla the Ducker (level 4, -1/36 HPs)
             Began as a Deep Elf Fire Elementalist on Jan 29, 2024.
             Succumbed to an adder's poison
             ... on level 3 of the Dungeon.
             The game lasted 00:03:10 (1083 turns).

hawla the Ducker (Deep Elf Fire Elementalist)       Turns: 1083, Time: 00:03:10

Health: -1/36      AC:  2    Str:  5    XL:     4   Next: 16%
Magic:  1/10       EV: 13    Int: 22    God:
Gold:   55         SH:  0    Dex: 15    Spells: 6/9 levels left

rFire   . . .        (no weapon)
rCold   + . .        (no shield)
rNeg    . . .        a - +0 robe
rPois   .            (no helmet)
rElec   .            (no cloak)
rCorr   .            (no gloves)
SInv    .            (no boots)
Will    .....        (no amulet) Stlth
                     (no ring)
HPRegen 0.26/turn    (no ring)
MPRegen 0.12/turn

%: no passive effects
@: brilliant, berserking, lethally poisoned (-1 -> -10), attractive, very quick
A: cold resistance 1
a: no special abilities


You were on level 3 of the Dungeon.
You visited 1 branch of the dungeon, and saw 3 of its levels.

You collected 55 gold pieces.

Inventory:

Armour
 a - a +0 robe (worn)
Jewellery
 g - a ring of protection from cold


   Skills:
 - Level 4.0 Dodging
 - Level 2.4 Stealth
 - Level 3.0 Spellcasting
 + Level 3.4 Conjurations
 - Level 3.2 Fire Magic


You had 6 spell levels left.
You knew the following spells:

 Your Spells              Type           Power      Damage    Failure   Level
a - Foxfire               Conj/Fire      100%       2x1d9     3%          1
b - Scorch                Fire           52%        2d7       4%          2

Your spell library contained the following spells:

 Spells                   Type           Power      Damage    Failure   Level
 Inner Flame              Hex/Fire       15%        N/A       19%         3
 Volatile Blastmotes      Fire/Tloc      30%        2d12      19%         3
 Flame Wave               Conj/Fire      27%        2d9       30%         4


Dungeon Overview and Level Annotations

Branches:
Dungeon (3/15)

Altars:


Innate Abilities, Weirdness & Mutations

Your flesh is cold resistant. (rC+)


Message History

You feel clever.
It was a potion of mutation.
You feel extremely strange.
You feel resistant to cold. The adder misses you.
It was a potion of attraction.
You feel attractive to monsters. The adder closely misses you.
The ball python is attracted toward you.
It was a potion of berserk rage.
A red film seems to cover your vision as you go berserk!
You feel yourself moving faster!
You feel mighty! The adder misses you. The ball python misses you.
The ball python barely misses you. The adder bites you.
* * * LOW HITPOINT WARNING * * *
You hit the adder.
The adder is moderately wounded.
The ball python bites you but does no damage.
The ball python barely misses you.
You closely miss the adder.
The adder is moderately wounded.
The adder bites you.
* * * LOW HITPOINT WARNING * * *
You are poisoned.
The adder poisons you!
You miss the adder.
The adder is moderately wounded.
You feel sick.
The ball python bites you but does no damage.
The ball python closely misses you. The adder bites you.
* * * LOW HITPOINT WARNING * * *
You are more poisoned.
The adder poisons you!
You punch the adder!
You kill the adder!
* * * LOW HITPOINT WARNING * * *
You feel sick. The ball python bites you.
* * * LOW HITPOINT WARNING * * *
The ball python barely misses you.
You closely miss the ball python.
You die...

#. .. .# #.#
#####..# #?....#
..##########.)†..#
...........'.†S..#
...####..####..@..#
#......# #.....#
#####..# #.....#
###.†...# #######
###...###.# .##.###
#.##### .#..#
#†#...#
.#.######'#...#
.).# #........#


You could see a ball python.

Vanquished Creatures
  A bombardier beetle (D:3)
  A gnoll (D:3)
  An adder (D:3)
  4 orcs (D:3)
  A ball python (D:1)
  A bat (D:1)
  3 endoplasms (D:1)
  2 giant cockroaches
  2 goblins
  A quokka (D:1)
  2 frilled lizards (D:3)
  5 kobolds
  3 rats (D:1)
27 creatures vanquished.

Vanquished Creatures (others)
  66 foxfires
66 creatures vanquished.

Grand Total: 93 creatures vanquished

Notes
Turn   | Place    | Note
-------+----------+-------------------------------------------
     0 | D:1      | hawla the Deep Elf Fire Elementalist began the quest for
                  | the Orb.
     0 | D:1      | Reached XP level 1. HP: 10/10 MP: 6/6
    69 | D:1      | Reached skill level 3 in Dodging
   249 | D:1      | Reached XP level 2. HP: 15/15 MP: 5/8
   699 | D:3      | Learned a level 2 spell: Scorch
   758 | D:3      | Reached skill level 4 in Dodging
   758 | D:3      | Reached XP level 3. HP: 5/19 MP: 4/9
  1076 | D:3      | Reached XP level 4. HP: 6/24 MP: 0/10
  1076 | D:3      | Gained mutation: Your flesh is cold resistant. (rC+)
                  | [potion of mutation]
  1082 | D:3      | HP: 1/36 [ball python (1)]
  1083 | D:3      | Succumbed to an adder's poison

Illustrated notes

Levels and vault maps discovered:
D:1:      evilmike_arrival_crescent, layout_rooms
D:2:      layout_basic, serial_shops, shop,
          shapermc_ecumenical_altar_hornbeckon, minmay_misc_feat_chi,
          nicolae_houndstooth_variations
D:3:      layout_basic, gammafunk_ghost_necromancy

Skill      XL: |  1  2  3 |
---------------+----------+-----
Dodging        | 3 4 |  4.0
Conjurations   | 3 |  3.4
Stealth        | |  2.4
Spellcasting   | |  3.0
Fire Magic     | |  3.2

Action                     |  1- 3 |  4- 6 || total
---------------------------+-------+-------++-------
  Melee: Unarmed           |     5 |     5 ||    10
   Cast: Foxfire           |    35 |       ||    35
         Scorch            |     9 |       ||     9
    Use: Scroll            |     1 |       ||     1
         Potion            |     3 |     3 ||     6
 Armour: Robe              |    27 |     6 ||    33
  Dodge: Dodged            |    32 |     8 ||    40
